High level 2v2 mixed, torrente

Match 17661629
End
Construct Barracks
Selects Advanced Infantry Battlegroup
Riflemen Squad
Riflemen Squad
Riflemen Squad
Grenade Package
Construct Medical Station
Infantry Support Center
Selects Convert to Ranger Squad
Engineer Squad
Convert to Ranger Squad
Selects Frontline Medical Station
Frontline Medical Station
Construct Motor Pool
M8 Greyhound Armored Car
Mortar Pit
M1 Anti-tank Gun Team
Selects Ranger Weapon Training
Frontline Medical Station
Engineer Squad
Construct Tank Depot
M18 Hellcat Tank Destroyer
Selects Artillery Observers
Selects M2A1 105mm Howitzer Emplacement
Selects 155mm Rapid Artillery Barrage
Frontline Medical Station
155mm Rapid Artillery Barrage
M18 Hellcat Tank Destroyer
Engineer Squad
155mm Rapid Artillery Barrage
M18 Hellcat Tank Destroyer
Convert to Ranger Squad
155mm Rapid Artillery Barrage
M18 Hellcat Tank Destroyer
155mm Rapid Artillery Barrage
M18 Hellcat Tank Destroyer
Artillery Observer Squad
155mm Rapid Artillery Barrage
M18 Hellcat Tank Destroyer
M18 Hellcat Tank Destroyer
M18 Hellcat Tank Destroyer
Zulu
SMOKO
RtN. havoc
RtN.momo4sho
0
0

Comments sign in to comment!

No comments posted yet!